 Dungeon Crawl Stone Soup version 0.28-a0-1613-gdaab1c2f9b (webtiles) character file.

Game seed: 4897064437034707426

72 soggyman666 the Magician (level 4, -2/31 HPs)
             Began as a Djinni Hedge Wizard on Jan 22, 2022.
             Slain by an adder (4 damage)
             ... on level 4 of the Dungeon.
             The game lasted 00:07:01 (1761 turns).

soggyman666 the Magician (Djinni Hedge Wizard)      Turns: 1761, Time: 00:07:02

Health: -2/31      AC:  2    Str:  9    XL:     4   Next: 50%
Gold:   53         EV: 12    Int: 17    God:
                   SH:  0    Dex: 13

rFire   + + .      SeeInvis .   (no weapon)
rCold   x . .      Faith    .   (no shield)
rNeg    . . .      Spirit   .   b - +0 robe
rPois   ∞          Reflect  .   c - +0 hat
rElec   .          Harm     .   (no cloak)
rCorr   .          Rampage  .   (no gloves)
Will    .....                   (boots unavailable)
Stlth   ++........              (no amulet)
HPRegen 0.10/turn               (no ring)
MPRegen 0.00/turn               (no ring)

@: flying
A: sickness immunity, fire resistance 2, cold vulnerability 1, float, innate
caster, hp casting, extra vitality 1
a: no special abilities


You were on level 4 of the Dungeon.
You visited 1 branch of the dungeon, and saw 3 of its levels.

You collected 53 gold pieces.

Inventory:

Armour
 b - a +0 robe (worn)
 c - a +0 hat (worn)
Scrolls
 e - a scroll of teleportation {unknown}
 g - a scroll of noise {unknown}
Potions
 a - a potion of mutation {unknown}
 d - a potion of brilliance {unknown}
 f - a potion of attraction {unknown}


   Skills:
 + Level 2.4 Dodging
 + Level 2.1 Stealth
 + Level 3.6 Spellcasting


You couldn't memorise any spells.
You knew the following spells:

 Your Spells              Type           Power      Damage    Failure   Level
a - Magic Dart            Conj           60%        1d6       3%          1
b - Blink                 Tloc           30%        N/A       5%          2
c - Call Imp              Summ           15%        N/A       5%          2
d - Slow                  Hex            60%        N/A       3%          1
e - Conjure Flame         Conj/Fire      15%        6-21      11%         3
f - Mephitic Cloud        Conj/Pois/Air  15%        N/A       11%         3
g - Animate Skeleton      Necr           30%        N/A       3%          1
Your spell library was empty.

Dungeon Overview and Level Annotations

Branches:
Dungeon (2/15)

Altars:
Okawaru


Innate Abilities, Weirdness & Mutations

You are immune to sickness and miasma.
You are immune to poison.
Your flesh is very heat resistant. (rF++)
You are vulnerable to cold. (rC-)
You float through the air rather than walking.
You learn spells naturally, not from books.
Your magical power is your life essence.
You have superior vitality. (+4 MHP)


Message History

The howler monkey barely misses you.
The howler monkey hoots and howls with incredible vigour!
Your crimson imp hits the howler monkey.
Your crimson imp closely misses the howler monkey.
Your crimson imp hits the howler monkey.
The howler monkey barely misses you.
The howler monkey hoots and howls with incredible vigour!
Your crimson imp closely misses the howler monkey.
You hear an angry hiss.
You hear a shout!
An adder comes into view.
The adder hisses angrily.
The howler monkey hoots and howls with incredible vigour!
You hear an angry hiss.
Casting: Call Imp (safe; 5% risk of failure)
Confirm with . or Enter, or press ? or * to list all spells.
A beastly little devil appears in a puff of flame.
* * * LOW HITPOINT WARNING * * *
Your crimson imp disappears in a puff of smoke!
The adder bites you but does no damage. The adder bites you.
* * * LOW HITPOINT WARNING * * *
The adder bites your crimson imp.
Your crimson imp misses the adder.
The howler monkey hoots and howls with incredible vigour!
The adder barely misses your crimson imp.
Your crimson imp closely misses the adder.
You hear an angry hiss.
Your crimson imp barely misses the adder.
The howler monkey misses you.
The howler monkey hoots and howls with incredible vigour!
Your crimson imp barely misses the adder.
The howler monkey hoots and howls with incredible vigour!
You hear an angry hiss.
You see here a +0 short sword.
The adder barely misses you.
Casting: Call Imp (safe; 5% risk of failure)
Confirm with . or Enter, or press ? or * to list all spells.
A beastly little devil appears in a puff of flame.
* * * LOW HITPOINT WARNING * * *
Your crimson imp disappears in a puff of smoke!
The adder bites you.
You die...

....... .....### ...
###...#####.#
##...5.h.§.#.# ..
#..#######.#.# ...###..#
### #.#.#
....†...#######h#.#
...##....?'_'..S#.######
# ###.###'###@.).....#
#.# #.# #.5).....#
#.###.###...#+#..#
#..........## ##
##.........# ###########


You could see a howler monkey, an adder (ally target) and a friendly crimson imp
(summoned).

Vanquished Creatures
  A dart slug (D:1)
  An orc (D:4)
  5 ball pythons (D:1)
  3 bats (D:1)
  2 endoplasms (D:2)
  2 giant cockroaches (D:1)
  A goblin (D:1)
  4 hobgoblins
  3 quokkas (D:1)
  A frilled lizard (D:1)
  2 kobolds (D:1)
  A rat (D:1)
26 creatures vanquished.

Vanquished Creatures (collateral kills)
  A howler monkey (D:4)
  2 jackals (D:1)
3 creatures vanquished.

Grand Total: 29 creatures vanquished

Notes
Turn   | Place    | Note
-------+----------+-------------------------------------------
     0 | D:1      | soggyman666 the Djinni Hedge Wizard began the quest for the
                  | Orb.
     0 | D:1      | Reached XP level 1. HP: 15/15 MP: 0/0
     6 | D:1      | Noticed a swamp worm
     6 | D:1      | Noticed a seven-headed hydra
     6 | D:1      | Noticed a redback
     7 | D:1      | Noticed a black mamba
   246 | D:1      | Reached XP level 2. HP: 14/21 MP: 0/0
   756 | D:1      | Reached skill level 3 in Spellcasting
   788 | D:1      | Reached XP level 3. HP: 15/25 MP: 0/0
   788 | D:1      | Learned a level 1 spell: Animate Skeleton
  1632 | D:2      | You are sucked into a shaft and drop 2 floors!
  1668 | D:4      | Found an iron altar of Okawaru.
  1722 | D:4      | Reached XP level 4. HP: 9/31 MP: 0/0
  1761 | D:4      | Slain by an adder

Illustrated notes

Levels and vault maps discovered:
D:1:      onia_arrival_zoo_common, layout_rooms, grunt_decor_mini_mirrors
D:2:      layout_basic, hellmonk_ecumenical_altar_arch_garden, uniq_terence
D:4:      minmay_recursive_quarters, layout_rooms, lemuel_doored_altar,
          nicolae_qazlal_style_of_elements, kennysheep_mini,
          nrook_mini_backslash

Skill      XL: |  1  2  3 |
---------------+----------+-----
Spellcasting   | 3 |  3.6
Stealth        | 2 |  2.1
Dodging        | |  2.4

Action                   |  1- 3 |  4- 6 || total
-------------------------+-------+-------++-------
 Cast: Magic Dart        |    70 |     1 ||    71
       Call Imp          |     7 |     4 ||    11
       Mephitic Cloud    |     2 |       ||     2
       Animate Skeleton  |     2 |       ||     2
Armor: Robe              |     4 |     2 ||     6
Dodge: Dodged            |     1 |     4 ||     5

Table legend: (Time is in decaauts)
 A = Elapsed time spent in this place.
 B = Non-inter-level travel time spent in this place.
 C = Inter-level travel time spent in this place.
 D = Time resting spent in this place.
 E = Time spent auto-exploring this place.
 F = Levels seen in this place.
 G = Mean time per level.
                   A        B        C        D        E       F      G
               +--------+--------+--------+--------+--------+-----+--------+
         Total |   1761 |   1706 |     55 |     22 |   1464 |   3 |  587.0 |
       Dungeon |   1761 |   1706 |     55 |     22 |   1464 |   3 |  587.0 |
               +--------+--------+--------+--------+--------+-----+--------+

Top non-repeatable levels by time:
     D:1: 1457 daAuts
     D:2: 175 daAuts
     D:4: 128 daAuts
